 Dungeon Crawl Stone Soup version 0.30-a0-860-g512cf1e979 (webtiles) character file.

Game seed: 16625949848002408675

255 M4edhros the Insei (level 6, -4/42 HPs)
             Began as an Octopode Monk on Mar 7, 2023.
             Slain by an orc
             ... wielding a +0 club
              (5 damage)
             ... on level 4 of the Dungeon.
             The game lasted 00:01:52 (622 turns).

M4edhros the Insei (Octopode Monk)                   Turns: 622, Time: 00:01:53

Health: -4/42      AC:  1    Str: 10    XL:     6   Next: 15%
Magic:  6/6        EV: 14    Int: 13    God:
Gold:   38         SH:  0    Dex: 16    Spells: 5/5 levels left

rFire   . . .      SeeInvis .      - Unarmed
rCold   . . .      Faith    .    (no shield)
rNeg    . . .      Spirit   .    (helmet restricted)
rPois   .          Reflect  .    (no amulet)
rElec   .          Rampage  .    (no ring)
rCorr   .                        (no ring)
Will    .....                    (no ring)
Stlth   +++                      (no ring)
HPRegen 0.27/turn                (no ring)
MPRegen 0.10/turn                (no ring)
                                 (no ring)
                                 (no ring)

@: no status effects
A: almost no armour, amphibious, 8 rings, camouflage 1, gelatinous body 1,
(nimble swimmer 1), tentacles
a: no special abilities


You were on level 4 of the Dungeon.
You visited 1 branch of the dungeon, and saw 4 of its levels.
You also visited: Sewer.

You collected 38 gold pieces.

Inventory:

Missiles
 d - 3 javelins (quivered)
Scrolls
 b - a scroll of blinking
 c - 2 scrolls of fear {unknown}
 e - a scroll of poison {unknown}


   Skills:
 - Level 3.0 Fighting
 - Level 3.0 Dodging
 - Level 2.6 Stealth
 + Level 6.7 Unarmed Combat


You had 5 spell levels left.
You didn't know any spells.
Your spell library was empty.

Dungeon Overview and Level Annotations

Branches:
Dungeon (4/15)              Sewer (visited)
 Temple: D:4-7

Altars:


Innate Abilities, Weirdness & Mutations

You cannot wear most types of armour.
You are amphibious.
You can wear up to eight rings at the same time.
Your skin changes colour to match your surroundings (Stealth+).
Your rubbery body absorbs attacks. (AC +1, EV +1)
((You are camouflaged when in or above water. (Stealth+)))
You have tentacles for arms and can constrict up to eight enemies at once.


Message History

You constrict the orc wizard, but do no damage.
The orc wizard hits you with a +0 dagger.
* * * LOW HITPOINT WARNING * * *
The orc hits you with a +0 club.
* * * LOW HITPOINT WARNING * * *
The orc hits you with a +0 mace.
* * * LOW HITPOINT WARNING * * *
The orc hits you with a +0 club.
* * * LOW HITPOINT WARNING * * *
You are confused.
You feel invigorated.
You constrict the orc wizard. The orc wizard barely misses you.
The orc closely misses you. The orc hits you but does no damage.
The orc hits you with a +0 club.
* * * LOW HITPOINT WARNING * * *
You release your grip on the orc wizard.
The orc wizard attacks as you move away!
The orc wizard closely misses you. The orc hits you with a +0 club.
* * * LOW HITPOINT WARNING * * *
Unknown command.
You bludgeon the orc wizard!
You kill the orc wizard!
The orc hits you with a +0 club.
* * * LOW HITPOINT WARNING * * *
The orc misses you.
Unknown command.
You miss the orc. Your squeeze misses the orc.
You feel less invigorated.
You feel less confused. The orc closely misses you.
The orc completely misses you. The orc misses you.
Unknown command.
You tentacle-slap the orc. You grab the orc.
The orc is moderately wounded.
You constrict the orc. The orc hits you with a +0 mace.
* * * LOW HITPOINT WARNING * * *
The orc closely misses you. The orc hits you but does no damage.
Unknown command.
You barely miss the orc. Your grab misses the orc.
The orc is severely wounded.
You constrict the orc. The orc closely misses you.
The orc hits you with a +0 club.
You die...

# ##. #####
....#.[.##
.........##
.......oo.#
.......o@.#
.......w..#
.........##
....#!..##
#########


You could see a dart slug and 3 orcs.

Vanquished Creatures
  2 bullfrogs (Sewer)
  An orc wizard (D:4)
  4 adders
  3 orcs
  4 ball pythons (Sewer)
  11 endoplasms
  13 giant cockroaches
  2 goblins (D:3)
  13 quokkas
  4 frilled lizards (Sewer)
  A rat (D:1)
58 creatures vanquished.

Notes
Turn   | Place    | Note
-------+----------+-------------------------------------------
     0 | D:1      | M4edhros the Octopode Monk began the quest for the Orb.
     0 | D:1      | Reached XP level 1. HP: 16/16 MP: 1/1
    85 | D:3      | Found a glowing drain.
   100 | D:3      | Reached XP level 2. HP: 18/21 MP: 2/2
   115 | Sewer    | Entered a sewer
   218 | Sewer    | Reached skill level 4 in Unarmed Combat
   223 | Sewer    | Reached XP level 3. HP: 24/26 MP: 3/3
   357 | Sewer    | Reached XP level 4. HP: 31/31 MP: 4/4
   367 | Sewer    | Reached skill level 5 in Unarmed Combat
   447 | Sewer    | Noticed a bullfrog
   455 | Sewer    | Noticed a bullfrog
   462 | Sewer    | Killed a bullfrog
   463 | Sewer    | Reached XP level 5. HP: 22/36 MP: 5/5
   466 | Sewer    | Reached skill level 6 in Unarmed Combat
   609 | D:3      | Reached XP level 6. HP: 38/42 MP: 6/6
   616 | D:4      | HP: 1/42 [orc/+0 club (2)]
   621 | D:4      | HP: 1/42 [orc/+0 mace (4)]
   622 | D:4      | Slain by an orc

Illustrated notes

Levels and vault maps discovered:
D:1:      mushboom_english_gardens, layout_basic
D:2:      layout_basic, basic_ecumenical_altar, serial_shops,
          nicolae_shop_hallway_plus, uniq_terence
D:3:      layout_loops_ring, portal_sewer_entry_f
D:4:      layout_rooms, marbit_many_paths, grunt_gozag_statues,
          nicolae_underground_beach

Skill      XL: |  1  2  3  4  5 |
---------------+----------------+-----
Unarmed Combat | 4 5 6 |  6.7
Fighting       | |  3.0
Dodging        | |  3.0
Stealth        | |  2.6

Action                     |  1- 3 |  4- 6 || total
---------------------------+-------+-------++-------
  Melee: Unarmed           |    75 |    54 ||   129
         Tentacles         |    17 |    11 ||    28
         Constrict         |    18 |    15 ||    33
         Punch             |     4 |     4 ||     8
    Use: Potion            |       |     2 ||     2
         Scroll            |       |     1 ||     1
   Stab: Sleeping          |    11 |     4 ||    15
         Distracted        |     1 |       ||     1
 Armour: Skin              |     3 |     5 ||     8
  Dodge: Dodged            |    47 |    40 ||    87

Table legend: (Time is in decaauts)
 A = Elapsed time spent in this place.
 B = Non-inter-level travel time spent in this place.
 C = Inter-level travel time spent in this place.
 D = Time resting spent in this place.
 E = Time spent auto-exploring this place.
 F = Levels seen in this place.
 G = Mean time per level.
                   A        B        C        D        E       F      G
               +--------+--------+--------+--------+--------+-----+--------+
         Total |    610 |    574 |     36 |      0 |    223 |   5 |  122.0 |
       Dungeon |    231 |    195 |     36 |      0 |     76 |   4 |   57.8 |
         Sewer |    379 |    379 |      0 |      0 |    147 |   1 |  379.0 |
               +--------+--------+--------+--------+--------+-----+--------+

Top non-repeatable levels by time:
   Sewer: 379 daAuts
     D:3: 147 daAuts
     D:1: 42 daAuts
     D:2: 29 daAuts
     D:4: 13 daAuts
